 Dungeon Crawl Stone Soup version 0.32-a0-834-geaf45d8e21 (console) character file.

Game seed: 8570098716133512063

97 cuglunix the Chopper (level 4, 0/49 HPs)
             Began as a Coglin Gladiator on Mar 25, 2024.
             Slain by an orc
             ... wielding a +0 whip
              (1 damage)
             ... on level 3 of the Dungeon.
             The game lasted 00:04:56 (1884 turns).

cuglunix the Chopper (Coglin Gladiator)             Turns: 1884, Time: 00:04:57

Health: 0/49       AC: 22    Str: 16    XL:     4   Next: 68%
Magic:  4/4        EV:  2    Int:  7    God:
Gold:   113        SH:  0    Dex: 16    Spells: 3/3 levels left

rFire   . . .        a - +0 war axe {Hilda}
rCold   . . .        f - +0 dagger {Egon}
rNeg    . . .        b - melded +1 leather armour
rPois   +            c - melded +0 helmet
rElec   .            n - melded scarf {shadows}
rCorr   .            (gloves currently unavailable)
SInv    .            (boots currently unavailable)
Will    .....        (no amulet)
Stlth   ++           (no ring)
HPRegen 0.28/turn    (no ring)
MPRegen 0.09/turn    (no gizmo)

%: no passive effects
@: tree-form, revving
A: stationary, stasis, torment immunity, boosted hp, off-hand wielding, slow
wielding, warmup strikes, (no jewellery)
a: Invent Gizmo, Convert to Beogh


You were on level 3 of the Dungeon.
You were a tree.
You visited 1 branch of the dungeon, and saw 3 of its levels.

You collected 113 gold pieces.

Inventory:

Hand Weapons
 a - a +0 war axe (weapon) {Hilda}
 f - a +0 dagger (offhand) {Egon}
Missiles
 d - 3 throwing nets
 e - a javelin
Armour
 b - a +1 leather armour (melded)
 c - a +0 helmet (melded)
 n - a scarf of shadows (melded)
Scrolls
 g - 2 scrolls of identify
 h - a scroll of enchant armour (quivered)
 i - 2 scrolls of vulnerability {unknown}
 k - a scroll of fog {unknown}
 m - a scroll of immolation {unknown}
 o - a scroll of fear {unknown}
Potions
 l - a potion of magic


   Skills:
 + Level 2.3 Fighting
 + Level 0.7 Short Blades
 + Level 4.1 Axes
 + Level 2.2 Throwing
 + Level 0.6 Armour
 + Level 3.1 Dodging
 + Level 0.5 Stealth


You had 3 spell levels left.
You didn't know any spells.
Your spell library was empty.

Dungeon Overview and Level Annotations

Branches:
Dungeon (3/15)

Altars:


Innate Abilities, Weirdness & Mutations

You are a tree.
Your roots penetrate the ground, keeping you stationary.
You cannot be teleported.
You are immune to unholy pain and torment.
Your maximum health is greatly increased.
Your equipment is partially melded.
You can wield a second weapon in your off-hand.
It takes a long time for you to wield or remove held weapons.
Your first few attacks do less damage.
((You cannot equip rings or amulets.))


Message History

You barely resist. The orc hits you with a +0 trident.
The orc priest shouts, "Surrender to Beogh and we'll let you live!" (press Y on the ability menu to convert to Beogh)
You are too injured to fight recklessly!
You are too injured to fight recklessly!
You are too injured to fight recklessly!
It was a potion of lignification.
You turn into a tree.
Your scarf of shadows melds into your body.
Your +0 helmet melds into your body.
Your +0 leather armour melds into your body.
The dungeon's light returns to normal.
Your roots penetrate the ground.
The orc wizard hits you but does no damage.
The orc priest calls upon Beogh to heal the orc.
The orc's wounds heal themselves!
The orc hits you but does no damage.
You hit the orc priest but do no damage.
The orc priest is lightly wounded.
You barely miss the orc priest with your +0 war axe.
You hit the orc wizard with your +0 war axe.
You barely miss the orc with your +0 war axe.
The orc wizard points at you and mumbles some strange words.
You resist with some effort.
The orc priest mumbles some strange prayers to Beogh against you.
Beogh smites you!
* * * LOW HITPOINT WARNING * * *
The orc hits you but does no damage.
As you read the scroll labelled YTERUMN REMYO, it crumbles to dust.
It is a scroll of identify.
l - a potion of magic The orc wizard casts a spell at you.
The magic dart hits you but does no damage.
The orc priest hits you but does no damage.
The orc hits you but does no damage.
As you read the scroll labelled TOMEIC IQEISM, it crumbles to dust.
It is a scroll of enchant armour.
Your +0 leather armour glows green for a moment.
The orc wizard casts a spell at you. The puff of flame hits you!
* * * LOW HITPOINT WARNING * * *
The orc hits you with a +0 whip.
You die...

## #...#####..
...#...#....>
#..)....###.
####........ .....
#........ .....
##.......#######.....
####.....##............#
........###.##..........
#.......###.##....K..#
..#.............oo...#
........####)#..♣o...#
..##.##.# #.#...o...# .#
#.##.# #.#.......# .
#.##.# #.........# #.
#.# ###.......# #..
####..### #..# #!. #.


You could see an orc priest, an orc wizard, 2 orcs and a kobold.

Vanquished Creatures
  3 adders (D:2)
  A ribbon worm (D:2)
  A dart slug (D:2)
  An orc (D:3)
  5 endoplasms (D:1)
  2 giant cockroaches
  6 goblins
  7 hobgoblins
  7 kobolds
  3 quokkas
  8 ball pythons
  7 bats
  5 frilled lizards
  3 rats
59 creatures vanquished.

Notes
Turn   | Place    | Note
-------+----------+-------------------------------------------
     0 | D:1      | cuglunix the Coglin Gladiator began the quest for the Orb.
     0 | D:1      | Reached XP level 1. HP: 16/16 MP: 1/1
   130 | D:1      | Reached XP level 2. HP: 22/22 MP: 2/2
   353 | D:1      | Reached XP level 3. HP: 25/27 MP: 3/3
   950 | D:2      | Reached XP level 4. HP: 29/33 MP: 4/4
  1226 | D:2      | Reached skill level 4 in Axes
  1884 | D:3      | HP: 1/49 [orc wizard/puff of flame (8)]
  1884 | D:3      | Slain by an orc

Illustrated notes

Levels and vault maps discovered:
D:1:      dpeg_arrival_leaves_temple_mockup, layout_basic,
          dreamdust_wishing_well
D:2:      layout_basic, minmay_misc_feat_nine_boxes
D:3:      layout_rooms, nicolae_elyvilon_temple_path,
          mainiacjoe_overflow_small_starburst, minmay_misc_feat_iff

Skill      XL: |  1  2  3  4 |
---------------+-------------+-----
Throwing       | 2 |  2.2
Dodging        | 3 |  3.1
Axes           | 4 |  4.1
Fighting       | |  2.3
Short Blades   | |  0.7
Armour         | |  0.6
Stealth        | |  0.5

Action                     |  1- 3 |  4- 6 || total
---------------------------+-------+-------++-------
  Melee: War axe           |    63 |    48 ||   111
         Dagger            |    57 |    49 ||   106
    Use: Scroll            |       |     2 ||     2
         Potion            |       |     1 ||     1
   Stab: Sleeping          |     2 |     2 ||     4
 Armour: Leather armour    |    45 |    31 ||    76
         Skin              |       |     8 ||     8
  Dodge: Dodged            |    45 |    44 ||    89

Table legend: (Time is in decaauts)
 A = Elapsed time spent in this place.
 B = Non-inter-level travel time spent in this place.
 C = Inter-level travel time spent in this place.
 D = Time resting spent in this place.
 E = Time spent auto-exploring this place.
 F = Levels seen in this place.
 G = Mean time per level.
                   A        B        C        D        E       F      G
               +--------+--------+--------+--------+--------+-----+--------+
         Total |   1901 |   1722 |    179 |      0 |   1383 |   3 |  633.7 |
       Dungeon |   1901 |   1722 |    179 |      0 |   1383 |   3 |  633.7 |
               +--------+--------+--------+--------+--------+-----+--------+

Top non-repeatable levels by time:
     D:2: 1000 daAuts
     D:1: 843 daAuts
     D:3: 58 daAuts
